 Dungeon Crawl Stone Soup version 0.28-a0-535-g6f645e4c1d (webtiles) character file.

Game seed: 16500616118478763261

46 sanka the Changer (level 3, -1/27 HPs)
             Began as a Demigod Transmuter on Sept 26, 2021.
             Slain by Sigmund (8 damage)
             ... on level 2 of the Dungeon.
             The game lasted 00:02:53 (2171 turns).

sanka the Changer (Demigod Transmuter)              Turns: 2171, Time: 00:02:54

Health: -1/27      AC:  2    Str: 11    XL:     3   Next: 26%
Magic:  5/8        EV: 19    Int: 19    God:
Gold:   68         SH:  0    Dex: 19    Spells: 0/6 levels left

rFire   . . .      SeeInvis .     - Unarmed
rCold   . . .      Faith    .   (shield currently unavailable)
rNeg    . . .      Spirit   .   (armour currently unavailable)
rPois   x          Reflect  .   (helmet currently unavailable)
rElec   .          Harm     .   (cloak currently unavailable)
rCorr   .          Rampage  .   (gloves currently unavailable)
Will    .....                   (boots currently unavailable)
Stlth   ++........              (no amulet)
HPRegen 0.09/turn               (no ring)
MPRegen 0.11/turn               (no ring)

@: lethally poisoned (-1 -> -7), spider-form
A: venomous fangs, tiny, high mp 1, forlorn
a: End Transformation


You were on level 2 of the Dungeon.
You were a venomous arachnid creature.
You visited 1 branch of the dungeon, and saw 2 of its levels.

You collected 68 gold pieces.


Innate Abilities, Weirdness & Mutations

You are a venomous arachnid creature.
You have poisonous fangs.
You are tiny and dextrous.
Your spellcasting is less reliable in this form.
Your armour is entirely melded.
You are incapable of wielding weapons or throwing items.
Your attributes grow dramatically as you level up.
You have an increased reservoir of magic. (+10% MP)
You shall have no god before yourself.


   Skills:
 - Level 0.8 Fighting
 - Level 1.7 Dodging
 - Level 2.6 Unarmed Combat
 - Level 2.0 Spellcasting
 + Level 3.4 Transmutations


You couldn't memorise any spells.
You knew the following spells:

 Your Spells              Type           Power      Damage    Failure   Level
x - Spider Form           Tmut/Pois      4%         N/A       47%         3
y - Wereblood             Tmut           14%        N/A       17%         2
z - Beastly Appendage     Tmut           28%        N/A       13%         1

Your spell library contained the following spells:

 Spells                   Type           Power      Damage    Failure   Level
 Magic Dart               Conj           4%         1d3       36%         1
 Ice Form                 Ice/Tmut       8%         N/A       82%         4

Inventory:

Armour
 a - a +0 robe (melded)
 e - a +1 pair of gloves (melded)
 j - a +1 helmet (melded)
Jewellery
 f - a ring of ice
Scrolls
 b - a scroll of teleportation {@r4}
 h - a scroll of enchant weapon {unknown}
 k - 3 scrolls of identify {unknown}
Potions
 c - a potion of heal wounds {unknown}
 d - a potion of flight {unknown}
 g - 2 potions of curing {unknown}
 i - a potion of brilliance {unknown}
 l - 2 potions of haste {unknown}

Dungeon Overview and Level Annotations

Branches:
Dungeon (2/15)

Annotations:
D:2 Natasha, Sigmund

....▒ ▒.▒...@..▒....▒▒▒▒▒........
....▒▒▒.▒▒.▒▒▒▒▒....▒............
...........▒ ▒....▒.▒▒▒▒▒▒....▒
.).......▒▒▒▒▒▒▒.▒'▒▒.▒ ▒....▒
.)............▒▒.▒.▒▒.▒ ▒....▒
....▒............▒.▒▒.▒ ▒....▒
....▒▒....^...▒▒▒▒.▒▒.▒ ▒▒▒▒....▒
....▒▒)..........▒.▒▒.▒ ▒.......▒
........▒......{s.....▒ ▒......).
..........▒▒▒▒.▒▒▒▒.▒▒▒ ▒........
▒▒▒▒....▒.▒ ▒....▒.▒ ▒.....▒..
▒....▒.▒ ▒.▒▒.▒.▒ ▒.....▒..
▒....▒.▒▒▒▒▒▒▒.▒.▒ ▒.....▒..
▒▒▒▒.▒.........▒.▒ ▒.....▒▒▒
▒.▒▒▒▒▒▒▒.....▒ ▒▒▒▒▒▒▒
▒.......'.....▒▒▒▒▒▒▒▒▒▒▒▒▒
▒▒▒▒▒▒▒▒▒.....▒............


There were no monsters in sight!


Message History

Sigmund hits you from afar with a +1 scythe of venom.
You are poisoned.
You feel very sick. Sigmund casts a spell at you. The magic dart hits you!
You hit Sigmund.
Sigmund is poisoned.
Sigmund is moderately wounded.
* * * LOW HITPOINT WARNING * * *
You feel very sick. Sigmund closely misses you.
Unknown command.
You hit Sigmund.
Sigmund looks as sick as possible!
Sigmund is moderately wounded.
* * * LOW HITPOINT WARNING * * *
You feel sick.
You hit Sigmund.
Sigmund looks as sick as possible!
Sigmund is moderately wounded.
* * * LOW HITPOINT WARNING * * *
You feel sick.
Sigmund mumbles some strange words.
Sigmund flickers and vanishes!
Deactivating autopickup; reactivate with Ctrl-A.
You hit something.
* * * LOW HITPOINT WARNING * * *
You feel sick. Something hits you!
You die...

Action                   || total
-------------------------++-------
Melee: Unarmed           ||    74
       Headbutt          ||    14
       Kick              ||    12
       Punch             ||     1
 Cast: Beastly Appendage ||    21
       Spider Form       ||     1
  Use: Scroll            ||     1
 Stab: Sleeping          ||     1
Armor: Robe              ||    17
Dodge: Dodged            ||    28

Levels and vault maps discovered:
D:1:      onia_arrival_mini_spirals, layout_basic,
          shapermc_ecumenical_altar_rom_forum
D:2:      layout_basic, basic_altar, uniq_natasha, uniq_sigmund

Notes
Turn   | Place    | Note
-------+----------+-------------------------------------------
     0 | D:1      | sanka the Demigod Transmuter began the quest for the Orb.
     0 | D:1      | Reached XP level 1. HP: 15/15 MP: 5/5
    89 | D:1      | Reached skill level 2 in Spellcasting
    89 | D:1      | Reached skill level 2 in Transmutations
   312 | D:1      | Reached XP level 2. HP: 22/22 MP: 5/7
   747 | D:1      | Got Plato's Catalogue of Conjuration
   775 | D:1      | Reached skill level 3 in Transmutations
  1206 | D:2      | Learned a level 2 spell: Wereblood
  1372 | D:2      | Noticed Sigmund
  1616 | D:2      | Reached XP level 3. HP: 27/27 MP: 8/8
  1623 | D:2      | Learned a level 3 spell: Spider Form
  1832 | D:2      | Noticed Natasha
  2171 | D:2      | Slain by Sigmund

Vanquished Creatures
  A worm (D:2)
  4 dart slugs
  5 endoplasms
  A giant cockroach (D:2)
  4 goblins
  5 hobgoblins
  5 kobolds
  A quokka (D:1)
  2 ball pythons (D:2)
  A bat (D:1)
  A frilled lizard (D:1)
  4 rats
34 creatures vanquished.
